 Dungeon Crawl Stone Soup version 0.29.1-2-gbd0b4ee654 (webtiles) character file.

Game seed: 4231587348897245454

2163 Ladykiller66 the Cleaver (level 9, -6/67 (68) HPs)
             Began as a Formicid Fighter on Nov 3, 2022.
             Was a Follower of Cheibriados.
             Mangled by Prince Ribbit (11 damage)
             ... on level 7 of the Dungeon.
             The game lasted 00:13:55 (6478 turns).

Ladykiller66 the Cleaver (Formicid Fighter)         Turns: 6478, Time: 00:13:55

HP:   -6/67 (68)    AC: 14    Str: 25    XL:     9   Next: 57%
MP:   9/9           EV: 12    Int: 12    God:    Cheibriados [*.....]
Gold: 268           SH:  5    Dex: 15    Spells: 8/8 levels left

rFire   . . .      SeeInvis +   a - +0 war axe
rCold   . . .      Faith    .   c - +0 buckler
rNeg    . . .      Spirit   .   s - +0 chain mail
rPois   .          Reflect  .   (helmet unavailable)
rElec   .          Harm     .   (no cloak)
rCorr   .          Rampage  .   (no gloves)
Will    .....                   (no boots)
Stlth   ..........              (no amulet)
HPRegen 0.21/turn               F - +4 ring of evasion
MPRegen 0.11/turn               l - +4 ring of protection

@: lightly drained, very slow
A: permanent stasis, dig shafts and tunnels, antennae 3, four strong arms
a: Dig, Shaft Self, Renounce Religion, Bend Time


You were on level 7 of the Dungeon.
You worshipped Cheibriados.
Cheibriados was aware of your devotion.
You visited 1 branch of the dungeon, and saw 7 of its levels.
You also visited: Sewer and Ossuary.

You collected 268 gold pieces.

Inventory:

Hand Weapons
 a - a +0 war axe (weapon)
Missiles
 y - 28 poisoned darts
Armour
 b - a +0 scale mail
 c - a +0 buckler (worn)
 s - a +0 chain mail (worn)
Jewellery
 g - a ring of magical power
 h - a ring of protection from fire
 l - a +4 ring of protection (right hand)
 r - a ring of positive energy
 F - a +4 ring of evasion (left hand)
Wands
 C - a wand of light (8)
Scrolls
 e - 2 scrolls of vulnerability
 f - a scroll of amnesia
 i - a scroll of immolation {unknown}
 k - 2 scrolls of silence
 m - 4 scrolls of noise
 p - a scroll of enchant weapon {unknown}
 q - 7 scrolls of teleportation
 v - 6 scrolls of blinking
 w - 3 scrolls of fear
 A - a scroll of enchant armour {unknown}
 B - a scroll of magic mapping {unknown}
 D - 2 scrolls of fog {unknown}
 E - 3 scrolls of poison {unknown}
 G - a scroll of brand weapon {unknown}
Potions
 d - 2 potions of might
 j - 3 potions of heal wounds
 n - 2 potions of attraction
 o - 5 potions of brilliance
 u - 2 potions of invisibility
 x - a potion of mutation {unknown}
 z - a potion of haste {unknown}
 H - a potion of degeneration {unknown}


   Skills:
 + Level 5.3 Fighting
 * Level 10.0 Axes
 + Level 6.1 Armour
 + Level 1.0 Dodging
 + Level 0.4 Stealth
 + Level 5.6 Shields


You had 8 spell levels left.
You didn't know any spells.
Your spell library contained the following spells:

 Spells                   Type           Power      Damage    Failure   Level
 Magic Dart               Conj           0%         1d3       94%         1
 Searing Ray              Conj           0%         2d4       98%         2
 Fulminant Prism          Conj/Hex       0%         3d6       100%        4
 Fireball                 Conj/Fire      0%         3d3       100%        5
 Freezing Cloud           Conj/Ice/Air   0%         6-21      100%        5
 Iskenderun's Battlesphe  Conj           0%         2d6       100%        5
 Conjure Ball Lightning   Conj/Air       0%         3x3d6     100%        6
 Simulacrum               Ice/Necr       0%         N/A       100%        6
 Orb of Destruction       Conj           0%         9d5       100%        7
 Polar Vortex             Ice            0%         N/A       100%        9


Dungeon Overview and Level Annotations

Branches:
Dungeon (7/15)             Temple (0/1) D:6           Sewer (visited)
Ossuary (visited)

Altars:
Cheibriados
Sif Muna

Annotations:
D:5 3 runed translucent doors, 1 exclusion, mcbry74's ghost, novice TrFi
D:7 Prince Ribbit


Innate Abilities, Weirdness & Mutations

You cannot be hasted, slowed, berserked, paralysed or teleported.
You can dig through walls and to a lower floor.
You have a pair of large antennae on your head. (SInv)
Your four strong arms can wield two-handed weapons with a shield.


Message History

The orc warrior is moderately wounded.
The orc warrior hits you with a +0 halberd!
You slash the orc warrior!
The orc warrior is severely wounded.
You block the orc warrior's attack.
You completely miss the orc warrior.
The orc warrior is severely wounded.
The orc warrior hits you with a +0 halberd!
You hit the orc warrior.
The orc warrior is almost dead.
The orc warrior hits you with a +0 halberd!
You closely miss the orc warrior.
The orc warrior is almost dead.
The orc warrior hits you with a +0 halberd.
You are too injured to fight recklessly!
You hit the orc warrior.
You kill the orc warrior!
Cheibriados appreciates the change of pace.
Prince Ribbit completely misses you.
Your Axes skill increases to level 10!
You slash Prince Ribbit!
Prince Ribbit is moderately wounded.
Prince Ribbit hits you.
You closely miss Prince Ribbit.
Prince Ribbit is moderately wounded.
Prince Ribbit hits you.
Prince Ribbit hits you but does no damage.
You miss Prince Ribbit.
Prince Ribbit is moderately wounded.
Prince Ribbit hits you!
* * * LOW HITPOINT WARNING * * *
You hit Prince Ribbit.
Prince Ribbit is moderately wounded.
Prince Ribbit hits you.
* * * LOW HITPOINT WARNING * * *
You closely miss Prince Ribbit.
Prince Ribbit is moderately wounded.
Prince Ribbit hits you but does no damage.
Prince Ribbit hits you!
You die...

.. # .. ##.#.
#..#. { {{ ...
{{ {
..####)#########
......{{..#...<#
###.##.##.##.###
#.#....{#@#
#.######F## #.
### #. .. ##


You could see Prince Ribbit.

Vanquished Creatures
  Eustachio (D:5)
  An orc warrior (D:7)
  A sky beast (D:6)
  An ice beast (D:5)
  2 ogres (D:6)
  An elf zombie (Ossuary)
  7 kobold brigands (Sewer)
  4 scorpions
  2 wights
  A howler monkey (D:6)
  A jelly (D:6)
  A gnoll bouda (D:5)
  2 hounds
  2 iguanas
  3 orc wizards
  3 hound zombies (Ossuary)
  4 mummies (Ossuary)
  6 gnolls
  10 adders
  A river rat (D:4)
  An ufetubus (D:5)
  8 worms
  3 dart slugs
  10 orcs
  10 endoplasms
  3 giant cockroaches
  A gnoll zombie (Ossuary)
  10 goblins
  7 hobgoblins
  4 jackals (D:1)
  10 ball pythons
  7 bats
  A frilled lizard (D:3)
  A goblin zombie (Ossuary)
  2 hobgoblin zombies (Ossuary)
  10 kobolds
  2 kobold zombies (Ossuary)
  An orc zombie (Ossuary)
  8 rats
  A rat zombie (Ossuary)
154 creatures vanquished.

Vanquished Creatures (others)
  A fungus (D:3)
  3 plants (D:5)
4 creatures vanquished.

Grand Total: 158 creatures vanquished

Notes
Turn   | Place    | Note
-------+----------+-------------------------------------------
     0 | D:1      | Ladykiller66 the Formicid Fighter began the quest for the
                  | Orb.
     0 | D:1      | Reached XP level 1. HP: 18/18 MP: 1/1
    81 | D:1      | Reached XP level 2. HP: 22/24 MP: 2/2
   512 | D:1      | Reached XP level 3. HP: 26/29 MP: 3/3
   678 | D:1      | Found a faded altar of an unknown god.
   993 | D:2      | Reached skill level 3 in Axes
  1255 | D:2      | Reached XP level 4. HP: 31/37 MP: 4/4
  1508 | D:2      | Noticed a scorpion
  1658 | D:2      | Killed a scorpion
  1659 | D:2      | Reached skill level 4 in Axes
  1659 | D:2      | Reached XP level 5. HP: 37/42 MP: 5/5
  2094 | D:3      | Found a shimmering blue altar of Sif Muna.
  2795 | D:4      | Reached XP level 6. HP: 48/48 MP: 6/6
  2851 | D:4      | Found a glowing drain.
  2877 | Sewer    | Entered a sewer
  3176 | Sewer    | Reached skill level 5 in Axes
  3243 | Sewer    | Reached skill level 5 in Shields
  3243 | Sewer    | Reached XP level 7. HP: 46/54 MP: 7/7
  3386 | Sewer    | Reached skill level 6 in Axes
  3812 | Sewer    | Reached skill level 7 in Axes
  3812 | Sewer    | Reached XP level 8. HP: 60/61 MP: 8/8
  4023 | D:4      | Identified the +1 short sword of Mana {protect, Str+6}
  4451 | D:5      | Entered Level 5 of the Dungeon
  4633 | D:5      | Reached skill level 5 in Armour
  5096 | D:5      | Reached skill level 8 in Axes
  5135 | D:5      | Found a snail-covered altar of Cheibriados.
  5139 | D:5      | Noticed Eustachio
  5153 | D:5      | Killed Eustachio
  5154 | D:5      | Reached skill level 5 in Fighting
  5154 | D:5      | Reached skill level 1 in Dodging
  5157 | D:5      | Became a worshipper of Cheibriados the Contemplative
  5289 | D:5      | Found a runed translucent gate.
  5290 | D:5      | Noticed mcbry74's ghost (novice TrFi)
  5290 | D:5      | Found a runed translucent gate.
  5291 | D:5      | Found a runed translucent gate.
  5520 | D:6      | Reached XP level 9. HP: 33/63 MP: 9/9
  5790 | D:6      | Found a sand-covered staircase.
  5798 | Ossuary  | Entered an ossuary
  5920 | Ossuary  | Reached skill level 9 in Axes
  6065 | D:6      | Found a staircase to the Ecumenical Temple.
  6270 | D:7      | Reached * piety under Cheibriados
  6448 | D:7      | Noticed Prince Ribbit
  6474 | D:7      | Reached skill level 10 in Axes
  6478 | D:7      | Mangled by Prince Ribbit

Illustrated notes

Levels and vault maps discovered:
D:1:      wheals_arrival_shading, layout_basic,
          hellmonk_ecumenical_altar_run_dry
D:2:      layout_basic
D:3:      layout_basic, mainiacjoe_overflow_chevrons
D:4:      layout_loops_ring, cheibrodos_sewer_entry_sluice
D:5:      layout_rooms, mainiacjoe_overflow_boulevard,
          biasface_ghost_orc_armoury, nicolae_figureground_pulse, uniq_eustachio
D:6:      layout_rooms, temple_doors_e, lightli_ossuary_entry_decrepit_ruins,
          minmay_crystal_room
D:7:      layout_basic, uniq_maggie, uniq_prince_ribbit1

Skill      XL: |  1  2  3  4  5  6  7  8  9 |
---------------+----------------------------+-----
Axes           | 3 4 5 7 8 10 | 10.0
Fighting       | 4 5 |  5.3
Armour         | 4 5 6 |  6.1
Shields        | 5 |  5.6
Dodging        | 1 |  1.0
Stealth        | |  0.4

Action                   |  1- 3 |  4- 6 |  7- 9 || total
-------------------------+-------+-------+-------++-------
Melee: War axe           |    95 |   148 |   308 ||   551
 Abil: Dig               |       |       |     3 ||     3
  Use: Scroll            |       |       |    11 ||    11
Armor: Scale mail        |    48 |       |       ||    48
       Chain mail        |       |    69 |   167 ||   236
Dodge: Dodged            |    29 |    53 |   106 ||   188
Block: Buckler           |    24 |    23 |    65 ||   112
